 Dungeon Crawl Stone Soup version 0.17-a0-1954-g0dddeaa (webtiles) character file.

56 glosham the Skirmisher (level 3, -2/34 HPs)
             Began as a Demigod Wanderer on Oct 4, 2015.
             Slain by a gnoll
             ... wielding a +0 dagger of chaos
              (10 damage)
             ... on level 3 of the Dungeon.
             The game lasted 00:17:22 (1051 turns).

glosham the Skirmisher (Demigod Wanderer)           Turns: 1051, Time: 00:17:23

Health: -2/34      AC:  6    Str: 17    XL:     3   Next: 48%
Magic:  5/5        EV: 11    Int: 18    God:
Gold:   68         SH:  0    Dex: 16    Spells: 0 memorised, 2 levels left

rFire  . . .     SeeInvis .     a - +2 spear
rCold  . . .     Clarity  .     X - +1 robe
rNeg   . . .     SustAt   +     (no shield)
rPois  .         Gourm    .     U - +2 helmet {Int+3}
rElec  .         Spirit   .     (no cloak)
rCorr  .         Warding  .     (no gloves)
rMut   .         Stasis   .     (no boots)
MR     .....                    (no amulet)
Stlth  ++........               (no ring)
                                (no ring)

@: very slightly contaminated, not resistant to hostile enchantments, unstealthy
A: high mp 1, sustain attributes
a: no special abilities


You were on level 3 of the Dungeon.
You were not hungry.

You visited 1 branch of the dungeon, and saw 3 of its levels.

You collected 68 gold pieces.

Inventory:

Hand weapons
 a - a +2 spear (weapon)
 f - a +0 whip
Missiles
 e - 42 stones (quivered)
Armour
 U - a +2 helmet of intelligence (worn)
 X - a +1 robe (worn)
Scrolls
 c - a scroll of immolation {unknown}
 g - a scroll of amnesia {unknown}
 n - a scroll of recharging {unknown}
 o - a scroll of identify {unknown}
Potions
 h - a potion of might {unknown}
 i - a potion of heal wounds {unknown}
 k - a potion of resistance {unknown}
 l - 2 potions of flight {unknown}
 m - a potion of brilliance {unknown}
Comestibles
 d - a bread ration
 j - 2 meat rations


   Skills:
 - Level 4.5 Fighting
 * Level 3.1 Maces & Flails
 - Level 1.0 Throwing
 - Level 1.0 Stealth
   Level 1.0 Conjurations
   Level 1.7 Charms


You had 2 spell levels left.
You didn't know any spells.

Dungeon Overview and Level Annotations

Branches:
Dungeon (3/15)


Innate Abilities, Weirdness & Mutations

You have an increased reservoir of magic (+10% MP).
Your attributes are resistant to harm.


Message History

The gnoll shouts!
The gnoll closely misses you.
You hit the gnoll.
The gnoll is moderately wounded.
The gnoll hits you with a dagger of chaos.
You barely miss the gnoll.
The gnoll is moderately wounded.
The gnoll barely misses you. The gnoll closely misses you.
You catch the helpless gnoll completely off-guard!
You hit the gnoll.
The gnoll is moderately wounded.
The gnoll barely misses you. x2
The gnoll hits you from afar with a spear of chaos.
You hit the gnoll but do no damage.
The gnoll is moderately wounded.
You flicker for a moment.
The gnoll hits you but does no damage.
The gnoll splashes around in the water.
The gnoll closely misses you.
You barely miss the gnoll.
The gnoll is moderately wounded.
The gnoll hits you from afar with a spear of chaos.
You barely miss the gnoll. The gnoll barely misses you.
The gnoll closely misses you.
You catch the helpless gnoll completely off-guard!
You hit the gnoll.
The gnoll is lightly wounded.
The gnoll closely misses you. The gnoll misses you.
The gnoll closely misses you.
You catch the helpless gnoll completely off-guard!
You hit the gnoll but do no damage.
The gnoll is lightly wounded.
The gnoll closely misses you. The gnoll barely misses you.
You hit the gnoll.
The gnoll is severely wounded.
You flicker back into view.
The gnoll barely misses you.
The gnoll splashes around in the water.
The gnoll hits you from afar with a spear of chaos.
* * * LOW HITPOINT WARNING * * *
The gnoll hits you with a dagger of chaos!
You die...

###### #
#...##.#.
###≈#g#.⌠≈.
###.@g#g≈.≈.
#≈##.g≈###.≈
#≈#..g##$#
#≈##.#≈.#$≈.
##≈≈.≈#≈#≈..
##≈#.≈≈.# ..
###≈..#_ .
#....##
######


You could see 5 gnolls.

Vanquished Creatures
  2 gnolls
  An adder (D:2)
  A worm (D:3)
  A giant gecko (D:1)
  3 bats
  A giant cockroach (D:1)
  4 goblins
  3 hobgoblins
  4 kobolds
  2 giant newts
  2 rats
24 creatures vanquished.

Notes
Turn   | Place    | Note
--------------------------------------------------------------
     0 | D:1      | glosham the Demigod Wanderer began the quest for the Orb.
     0 | D:1      | glosham set off with: a +2 spear, 2 potions of curing, a +0 robe, a bread ration, a !bad item (cl:100,ty:0,pl:0,pl2:0,sp:0,qu:0), a !bad item (cl:100,ty:0,pl:0,pl2:0,sp:0,qu:0), a !bad item (cl:100,ty:0,pl:0,pl2:0,sp:0,qu:0), a !bad item (cl:100,ty:0,pl:0,pl2:0,sp:0,qu:0), a !bad item (cl:100,ty:0,pl:0,pl2:0,sp:0,qu:0), a !bad item (cl:100,ty:0,pl:0,pl2:0,sp:0,qu:0), a !bad item (cl:100,ty:0,pl:0,pl2:0,sp:0,qu:0), a !bad item (cl:100,ty:0,pl:0,pl2:0,sp:0,qu:0), a !bad item (cl:100,ty:0,pl:0,pl2:0,sp:0,qu:0), a !bad item (cl:100,ty:0,pl:0,pl2:0,sp:0,qu:0), a !bad item (cl:100,ty:0,pl:0,pl2:0,sp:0,qu:0), a !bad item (cl:100,ty:0,pl:0,pl2:0,sp:0,qu:0), a !bad item (cl:100,ty:0,pl:0,pl2:0,sp:0,qu:0), a !bad item (cl:100,ty:0,pl:0,pl2:0,sp:0,qu:0), a !bad item (cl:100,ty:0,pl:0,pl2:0,sp:0,qu:0), a !bad item (cl:100,ty:0,pl:0,pl2:0,sp:0,qu:0), a !bad item (cl:100,ty:0,pl:0,pl2:0,sp:0,qu:0), a !bad item (cl:100,ty:0,pl:0,pl2:0,sp:0,qu:0), a !bad item (cl:100,ty:0,pl:0,pl2:0,sp:0,qu:0), a !bad item (cl:100,ty:0,pl:0,pl2:0,sp:0,qu:0), a !bad item (cl:100,ty:0,pl:0,pl2:0,sp:0,qu:0), a !bad item (cl:100,ty:0,pl:0,pl2:0,sp:0,qu:0), a !bad item (cl:100,ty:0,pl:0,pl2:0,sp:0,qu:0), a !bad item (cl:100,ty:0,pl:0,pl2:0,sp:0,qu:0), a !bad item (cl:100,ty:0,pl:0,pl2:0,sp:0,qu:0), a !bad item (cl:100,ty:0,pl:0,pl2:0,sp:0,qu:0), a !bad item (cl:100,ty:0,pl:0,pl2:0,sp:0,qu:0), a !bad item (cl:100,ty:0,pl:0,pl2:0,sp:0,qu:0), a !bad item (cl:100,ty:0,pl:0,pl2:0,sp:0,qu:0), a !bad item (cl:100,ty:0,pl:0,pl2:0,sp:0,qu:0), a !bad item (cl:100,ty:0,pl:0,pl2:0,sp:0,qu:0), a !bad item (cl:100,ty:0,pl:0,pl2:0,sp:0,qu:0), a !bad item (cl:100,ty:0,pl:0,pl2:0,sp:0,qu:0), a !bad item (cl:100,ty:0,pl:0,pl2:0,sp:0,qu:0), a !bad item (cl:100,ty:0,pl:0,pl2:0,sp:0,qu:0), a !bad item (cl:100,ty:0,pl:0,pl2:0,sp:0,qu:0), a !bad item (cl:100,ty:0,pl:0,pl2:0,sp:0,qu:0), a !bad item (cl:100,ty:0,pl:0,pl2:0,sp:0,qu:0), a !bad item (cl:100,ty:0,pl:0,pl2:0,sp:0,qu:0), a !bad item (cl:100,ty:0,pl:0,pl2:0,sp:0,qu:0), a !bad item (cl:100,ty:0,pl:0,pl2:0,sp:0,qu:0), a !bad item (cl:100,ty:0,pl:0,pl2:0,sp:0,qu:0), a !bad item (cl:100,ty:0,pl:0,pl2:0,sp:0,qu:0), a !bad item (cl:100,ty:0,pl:0,pl2:0,sp:0,qu:0), a !bad item (cl:100,ty:0,pl:0,pl2:0,sp:0,qu:0), a !bad item (cl:100,ty:0,pl:0,pl2:0,sp:0,qu:0), a !bad item (cl:100,ty:0,pl:0,pl2:0,sp:0,qu:0), a !bad item (cl:100,ty:0,pl:0,pl2:0,sp:0,qu:0)
     0 | D:1      | Reached XP level 1. HP: 22/22 MP: 3/3
   135 | D:2      | Reached skill level 1 in Maces & Flails
   192 | D:2      | HP: 1/22 [adder (4)]
   196 | D:2      | Reached XP level 2. HP: 3/28 MP: 4/4
   197 | D:2      | HP: 1/28 [hobgoblin/club (2)]
   230 | D:2      | HP: 1/28 [hobgoblin (3)]
   302 | D:1      | Reached skill level 2 in Maces & Flails
   594 | D:1      | Reached XP level 3. HP: 8/34 MP: 5/5
  1036 | D:3      | Found a shimmering altar of Xom.
  1041 | D:3      | Reached skill level 3 in Maces & Flails
  1051 | D:3      | Slain by a gnoll

Vault maps used:
D:1:      dpeg_arrival_simpleton_a, serial_glass, glass_columns_c,
          glass_columns_a, minivault_11
D:2:      minmay_hedge_maze, lexackson_kobold_supper
D:3:      tgw_xom, overflow_temple_1_default, kennysheep_vampire_church,
          first_bread, portal_sewer_entry_b, ecumenical_altar_1,
          uniq_crazy_yiuf_cottage, uniq_sigmund

Action                   || total
-------------------------++-------
Melee: Spear             ||   110
  Use: Potion            ||     2
       Scroll            ||     2
 Stab: Sleeping          ||     7
       Invisible         ||     5
  Eat: Chunk             ||     1

Table legend:
 A = Turns spent in this place as a percentage of turns spent in the entire game.
 B = Non-inter-level travel turns spent in this place as a percentage of non-inter-level travel turns spent in the entire game.
 C = Inter-level travel turns spent in this place as a percentage of turns spent in this place.
 D = Turns resting spent in this place as a percentage of non-inter-level travel turns spent in this place.
 E = Turns spent auto-exploring this place as a percentage of non-inter-level travel turns spent in this place.
 F = Non-inter-level travel turns spent in this place divided by the number of levels of this place that you've seen.
                   A       B       C       D       E      F
               +-------+-------+-------+-------+-------+----------------------
         Total | 100.0 | 100.0 |   0.1 |   0.0 |   0.0 | 284.7
       Dungeon | 100.0 | 100.0 |   0.1 |   0.0 |   0.0 | 284.7
               +-------+-------+-------+-------+-------+----------------------

Table legend:
 A = Kills in this place as a percentage of kills in entire the game.
 B = Kills by you in this place as a percentage of kills by you in the entire game.
 C = Kills by friends in this place as a percentage of kills by friends in the entire game.
 D = Other kills in this place as a percentage of other kills in the entire game.
 E = Experience gained in this place as a percentage of experience gained in the entire game.
 F = Experience gained in this place divided by the number of levels of this place that you have seen.
                   A       B       C       D       E      F
               +-------+-------+-------+-------+-------+----------------------
         Total | 100.0 | 100.0 |  -nan |  -nan | 100.0 |  27.0
       Dungeon | 100.0 | 100.0 |  -nan |  -nan | 100.0 |  27.0
               +-------+-------+-------+-------+-------+----------------------

Vault maps used:
D:1:      dpeg_arrival_simpleton_a, serial_glass, glass_columns_c,
          glass_columns_a, minivault_11
D:2:      minmay_hedge_maze, lexackson_kobold_supper
D:3:      tgw_xom, overflow_temple_1_default, kennysheep_vampire_church,
          first_bread, portal_sewer_entry_b, ecumenical_altar_1,
          uniq_crazy_yiuf_cottage, uniq_sigmund
